 Dungeon Crawl Stone Soup version 0.17-a0-2073-gde5cdba (webtiles) character file.

42 ololoev the Skirmisher (level 3, -4/33 HPs)
             Began as a Hill Orc Fighter on Oct 15, 2015.
             Slain by an orc
             ... wielding a +0 falchion
              (5 damage)
             ... on level 3 of the Dungeon.
             The game lasted 00:02:42 (276 turns).

ololoev the Skirmisher (Hill Orc Fighter)            Turns: 276, Time: 00:02:42

Health: -4/33      AC:  7    Str: 19    XL:     3   Next: 54%
Magic:  3/3        EV:  7    Int:  8    God:
Gold:   37         SH:  9    Dex: 10    Spells: 0 memorised, 2 levels left

rFire  + . .     SeeInvis .     a - +0 war axe
rCold  + . .     Clarity  .     b - +0 scale mail
rNeg   . . .     SustAt   .     c - +0 shield
rPois  +         Gourm    .     (no helmet)
rElec  +         Spirit   .     (no cloak)
rCorr  +         Warding  .     (no gloves)
rMut   .         Stasis   .     (no boots)
MR     .....                    (no amulet)
Stlth  ..........               (no ring)
                                k - ring of flight

@: resistant, not resistant to hostile enchantments, extremely unstealthy
A: no striking features
a: Evoke Flight

Inventory:

Hand Weapons
 a - a +0 war axe (weapon)
Armour
 b - a +0 scale mail (worn)
 c - a +0 shield (worn)
Jewellery
 k - a ring of flight (left hand)
Scrolls
 o - a scroll of amnesia
Potions
 d - a potion of might
Comestibles
 e - 2 bread rations
 h - a slice of pizza
 l - 3 chunks of flesh


   Skills:
 + Level 4.2 Fighting
 * Level 3.9 Axes
 + Level 3.7 Armour
 - Level 3.2 Shields


You had 2 spell levels left.
You didn't know any spells.


You were on level 3 of the Dungeon.
You were not hungry.

You visited 1 branch of the dungeon, and saw 3 of its levels.

You collected 37 gold pieces.

.. #. #. # ######
#(## .## #..).# ..#
... #.##.# #.# ..
#.##.####.##.#
######.##.....)@o?#
#......>...####o#.#
#............##...#
##............###..#
.'..........### ....
##..........# ..###
#####....### #.#
#....# .# #....#

Notes
Turn   | Place    | Note
--------------------------------------------------------------
     0 | D:1      | ololoev the Hill Orc Fighter began the quest for the Orb.
     0 | D:1      | Reached XP level 1. HP: 19/19 MP: 1/1
   160 | D:2      | Reached XP level 2. HP: 14/27 MP: 2/2
   194 | D:3      | Reached skill level 4 in Fighting
   231 | D:3      | HP: 1/27 [orc wizard/puff of frost (13)]
   246 | D:3      | Reached XP level 3. HP: 15/33 MP: 3/3
   275 | D:3      | HP: 1/33 [orc/falchion (4)]
   276 | D:3      | Slain by an orc

Dungeon Overview and Level Annotations

Branches:
Dungeon (3/15)

Altars:


Message History

It is a scroll of identify.
Identify which item? (\ to view known items) (? for menu, Esc to quit)
o - a scroll of amnesia You start resting.
Your transformation is almost over.
You start resting.
You feel less woody.
Your +0 scale mail unmelds from your body.
Things that are here:
a dagger; a robe An orc wizard comes into view.
It is wielding a dagger.
The orc wizard shouts!
An orc comes into view. It is wielding a falchion.
An orc comes into view. It is wielding a flail.
The orc throws a tomahawk.
You block the tomahawk.
You see here a tomahawk.
You barely miss the orc wizard. The orc wizard barely misses you.
The orc throws a tomahawk.
The tomahawk barely misses you. You block the orc wizard's attack.
You barely miss the orc wizard. You closely miss the orc.
The orc wizard hits you but does no damage.
The orc throws a tomahawk.
The tomahawk hits you but does no damage.
You closely miss the orc wizard. You slash the orc!
You kill the orc!
The orc wizard closely misses you.
You hit the orc wizard.
The orc wizard is moderately wounded.
You closely miss the orc.
The orc wizard points at you and mumbles some strange words.
The magic dart hits you! The orc hits you with a falchion.
The orc wizard hits you but does no damage.
The orc hits you but does no damage.
You hit the orc wizard.
The orc wizard is moderately wounded.
You hit the orc.
The orc is severely wounded.
The orc wizard hits you but does no damage.
The orc hits you with a falchion.
You die...

You could see an orc wizard and an orc.

Vanquished Creatures
  An orc wizard (D:3)
  A worm (D:3)
  An orc (D:3)
  2 hobgoblins
  2 bats
  2 giant newts (D:2)
  A goblin (D:1)
  3 rats
13 creatures vanquished.

Action                   || total
-------------------------++-------
Melee: War axe           ||    46
  Use: Potion            ||     3
       Scroll            ||     3

Vault maps used:
D:1:      kilobyte_arrival_exit_the_forest
D:2:      first_bread, uniq_crazy_yiuf_cottage
D:3:      lemuel_coloured_pillars_altar, uniq_iyjb
